 Dungeon Crawl Stone Soup version 0.30-a0-743-gbfdf073431 (webtiles) character file.

Game seed: 8144814534700370370

364 boo the Slasher (level 6, -4/48 HPs)
             Began as a Merfolk Gladiator on Feb 6, 2023.
             Was an Initiate of Okawaru.
             Killed from afar by a gargoyle (19 damage)
             ... with a stone arrow
             ... on level 5 of the Dungeon.
             The game lasted 00:06:32 (3998 turns).

boo the Slasher (Merfolk Gladiator)                 Turns: 3998, Time: 00:06:33

Health: -4/48      AC:  8    Str: 14    XL:     6   Next: 67%
Magic:  6/6        EV: 13    Int:  8    God:    Okawaru [......]
Gold:   246        SH:  5    Dex: 17    Spells: 5/5 levels left

rFire   . . .      SeeInvis .    a - +1 long sword
rCold   . . .      Faith    .    (no shield)
rNeg    . . .      Spirit   .    m - +0 ring mail
rPois   .          Reflect  +    h - +1 helmet
rElec   .          Harm     .    (no cloak)
rCorr   .          Rampage  .    (no gloves)
Will    .....                    b - +0 pair of boots
Stlth   +                        o - amulet of reflection
HPRegen 0.28/turn                (no ring)
MPRegen 0.10/turn                (no ring)

@: no status effects
A: (nimble swimmer 2), mertail
a: Renounce Religion


You were on level 5 of the Dungeon.
You worshipped Okawaru.
Okawaru was noncommittal.
You visited 2 branches of the dungeon, and saw 6 of its levels.

You collected 246 gold pieces.

Inventory:

Hand Weapons
 a - a +1 long sword (weapon)
Missiles
 d - 2 throwing nets (quivered)
 e - a javelin
Armour
 b - a +0 pair of boots (worn)
 h - a +1 helmet (worn)
 m - a +0 ring mail (worn)
Jewellery
 o - an amulet of reflection (around neck)
 q - an amulet of guardian spirit
 r - a ring of willpower
 y - a +5 ring of evasion
 B - a ring of positive energy
Wands
 v - a wand of charming (6)
Scrolls
 c - 3 scrolls of fear
 g - a scroll of immolation
 j - a scroll of blinking {unknown}
 k - a scroll of noise {unknown}
 n - a scroll of teleportation
 p - 2 scrolls of enchant weapon
 s - 2 scrolls of poison {unknown}
 t - a scroll of amnesia {unknown}
 u - a scroll of magic mapping {unknown}
 w - a scroll of fog {unknown}
 x - a scroll of vulnerability {unknown}
 z - a scroll of identify
Potions
 f - 6 potions of curing
 i - a potion of invisibility
 l - a potion of resistance {unknown}
 A - a potion of flight {unknown}


   Skills:
 + Level 4.2 Fighting
 * Level 6.7 Long Blades
 - Level 2.0 Throwing
 + Level 5.8 Dodging


You had 5 spell levels left.
You didn't know any spells.
Your spell library contained the following spells:

 Spells                   Type           Power      Damage    Failure   Level
 Inner Flame              Hex/Fire       0%         N/A       95%         3
 Flame Wave               Conj/Fire      0%         2d4       100%        4
 Sticky Flame             Conj/Fire      0%         2d3       100%        4


Dungeon Overview and Level Annotations

Branches:
Dungeon (5/15)             Temple (1/1) D:4

Altars:
Ashenzari
Cheibriados
Dithmenos
Elyvilon
Fedhas
Hepliaklqana
Kikubaaqudgha
Makhleb
Nemelex Xobeh
Okawaru
Qazlal
Ru
Trog
Uskayaw
Wu Jian
Yredelemnul
Zin


Innate Abilities, Weirdness & Mutations

((You are very nimble when in or above water. (Stealth+, EV+, Speed+++)))
Your lower body shifts to a powerful aquatic tail in water.


Message History

Throw: 3 throwing nets
Press: ? - help, Q - select action, (/) - cycle Shift-Dir - straight line, f - gargoyle
Aim: a gargoyle, wielding a +0 morningstar (77% to hit)
You throw a throwing net. The throwing net hits the gargoyle.
The gargoyle is caught in the net!
The gargoyle struggles against the net.
You hit the gargoyle.
The gargoyle is lightly damaged.
The gargoyle hurls a stone arrow at you.
The stone arrow hits you!!
Ouch! That really hurt!
The gargoyle struggles against the net.
You hit the gargoyle but do no damage.
The gargoyle is lightly damaged.
You hit the gargoyle but do no damage.
The gargoyle is lightly damaged.
The gargoyle hurls a stone arrow at you.
The stone arrow misses you.
The gargoyle struggles against the net.
You hit the gargoyle but do no damage.
The gargoyle is lightly damaged.
You hit the gargoyle but do no damage.
The gargoyle is lightly damaged.
The gargoyle hurls a stone arrow at you.
The stone arrow misses you.
The gargoyle struggles against the net.
You slash the gargoyle!
The gargoyle is severely damaged.
You strike the helpless gargoyle from behind!
You hit the gargoyle but do no damage.
The gargoyle is severely damaged.
The gargoyle hurls a stone arrow at you.
The stone arrow hits you.
The gargoyle struggles against the net.
The net rips apart, and the gargoyle comes free!
You slash the gargoyle!
The gargoyle is almost destroyed.
The gargoyle barely misses you.
You hit the gargoyle but do no damage.
The gargoyle is almost destroyed.
The gargoyle hurls a stone arrow at you.
The stone arrow hits you!!
You die...

###...............
##..............#
###...........#.
##............
##..........
##..........#
#...###.###..
#...#...#.. .
#....###@###..#
#....# #?#9# #.#
.(...# #[# #:# #.
##..# #.# #.# ##.
..# #.. # #.. ..#
..# ..# #. ..


You could see a gargoyle.

Vanquished Creatures
  2 scorpions
  A jelly (D:4)
  A hound (D:4)
  3 gnolls (D:3)
  8 adders
  2 worms
  2 dart slugs
  2 orcs
  7 endoplasms
  2 giant cockroaches (D:3)
  4 goblins
  12 hobgoblins
  5 jackals (D:3)
  8 kobolds
  7 quokkas
  5 ball pythons
  3 bats
  2 frilled lizards (D:1)
  4 rats
80 creatures vanquished.

Notes
Turn   | Place    | Note
-------+----------+-------------------------------------------
     0 | D:1      | boo the Merfolk Gladiator began the quest for the Orb.
     0 | D:1      | Reached XP level 1. HP: 16/16 MP: 1/1
   178 | D:1      | Reached skill level 4 in Long Blades
   178 | D:1      | Reached XP level 2. HP: 22/23 MP: 2/2
   680 | D:2      | Reached XP level 3. HP: 8/28 MP: 3/3
  1101 | D:2      | Reached XP level 4. HP: 31/34 MP: 4/4
  1214 | D:2      | Found a faded altar of an unknown god.
  1240 | D:2      | Reached skill level 5 in Long Blades
  1900 | D:3      | Reached skill level 5 in Dodging
  1900 | D:3      | Reached XP level 5. HP: 19/41 MP: 5/5
  2627 | D:4      | Reached skill level 6 in Long Blades
  2627 | D:4      | Reached XP level 6. HP: 32/48 MP: 6/6
  3131 | D:4      | Found a staircase to the Ecumenical Temple.
  3277 | Temple   | Entered the Ecumenical Temple
  3578 | Temple   | Became a worshipper of Warmaster Okawaru
  3840 | D:5      | Entered Level 5 of the Dungeon
  3985 | D:5      | Noticed a gargoyle
  3998 | D:5      | Killed from afar by a gargoyle

Illustrated notes

Levels and vault maps discovered:
D:1:      dpeg_arrival_rhombus, layout_basic
D:2:      layout_loops_ring, nicolae_ecumenical_snake_handling,
          minmay_octomino_e4
D:3:      minmay_angry_zag, layout_loops_cross
D:4:      layout_loops_ring, temple_fountains
D:5:      layout_layer_cave, mainiacjoe_overflow_big_doors, serial_shops, shop,
          minmay_manual_mail, uniq_menkaure
Temple:   minmay_temple_bridge_d

Skill      XL: |  1  2  3  4  5  6 |
---------------+-------------------+-----
Long Blades    | 4 5 6 |  6.7
Fighting       | 3 4 |  4.2
Dodging        | 5 |  5.8
Throwing       | |  2.0

Action                     |  1- 3 |  4- 6 || total
---------------------------+-------+-------++-------
  Melee: Long sword        |    76 |   210 ||   286
         Punch             |       |     4 ||     4
  Throw: Throwing net      |       |     1 ||     1
    Use: Scroll            |       |     6 ||     6
   Stab: Held in net/web   |       |     2 ||     2
 Armour: Leather armour    |    17 |       ||    17
         Ring mail         |     9 |    69 ||    78
  Dodge: Dodged            |    46 |   150 ||   196
  Block: Other             |       |    44 ||    44
         Reflection        |       |     2 ||     2

Table legend: (Time is in decaauts)
 A = Elapsed time spent in this place.
 B = Non-inter-level travel time spent in this place.
 C = Inter-level travel time spent in this place.
 D = Time resting spent in this place.
 E = Time spent auto-exploring this place.
 F = Levels seen in this place.
 G = Mean time per level.
                   A        B        C        D        E       F      G
               +--------+--------+--------+--------+--------+-----+--------+
         Total |   4036 |   3886 |    150 |    654 |   2496 |   6 |  672.7 |
       Dungeon |   3665 |   3585 |     80 |    654 |   2282 |   5 |  733.0 |
        Temple |    371 |    301 |     70 |      0 |    214 |   1 |  371.0 |
               +--------+--------+--------+--------+--------+-----+--------+

Top non-repeatable levels by time:
     D:2: 1091 daAuts
     D:4: 935 daAuts
     D:3: 830 daAuts
     D:1: 648 daAuts
  Temple: 371 daAuts
     D:5: 158 daAuts
